 Dungeon Crawl Stone Soup version 0.19-a0-1341-g3513869 (webtiles) character file.

33704 Amnesiac the Severer (level 13, -5/195 HPs)
             Began as a Hill Orc Monk on Sept 1, 2016.
             Was the Champion of Kikubaaqudgha.
             Killed by divine providence
             ... invoked by an orc priest
              (12 damage)
             ... on level 2 of the Orcish Mines.
             The game lasted 00:38:38 (17753 turns).

Amnesiac the Severer (Hill Orc Monk)               Turns: 17753, Time: 00:38:39

Health: -5/195     AC: 26    Str: 19    XL:     13   Next: 72%
Magic:  0/22       EV:  2    Int: 12    God:    Kikubaaqudgha [******]
Gold:   933        SH:  0    Dex: 17    Spells: 6 memorised, 5 levels left

rFire  . . .     SeeInvis .     r - +0 battleaxe (elec)
rCold  . . .     Gourm    .     (armour currently unavailable)
rNeg   + + +     Faith    .     (shield currently unavailable)
rPois  +         Spirit   .     (helmet currently unavailable)
rElec  .         Dismiss  .     (cloak currently unavailable)
rCorr  .         Reflect  .     (gloves currently unavailable)
MR     .....     Harm     .     (boots currently unavailable)
Stlth  +++....... Clarity  +    (no amulet) NoTele +
                                K - ring of wizardry
                                M - +4 ring of strength

@: lethally poisoned (-5 -> -15), tree-form (expiring)
A: agile 1, blurry vision 1, clarity, (fire resistance 0), robust 1, slow
regeneration 1
a: Receive Corpses, Torment, Brand Weapon With Pain, Receive Necronomicon,
Renounce Religion, Convert to Beogh


You were on level 2 of the Orcish Mines.
You worshipped Kikubaaqudgha.
Kikubaaqudgha was exalted by your worship.
You were very hungry.
You were a tree.
You visited 3 branches of the dungeon, and saw 15 of its levels.

You collected 1407 gold pieces.
You spent 474 gold pieces at shops.

Inventory:

Hand Weapons
 k - a +1 quarterstaff of protection
 r - a +0 battleaxe of electrocution (weapon)
 F - the +9 spear of Fimbulwinter {pierce, Int+6 Dex-5}
   (You found it on level 5 of the Dungeon)

   It inflicts extra damage upon your enemies.
   It affects your intelligence (+6).
   It affects your dexterity (-5).
 V - a +0 blowgun
 X - a +0 battleaxe
Missiles
 u - 15 curare-tipped needles
Armour
 q - a +1 pair of boots of running (melded)
 y - a +0 pair of gloves (melded)
 G - a +2 helmet (melded)
 H - a +0 cloak (melded)
 T - a +0 steam dragon armour (melded)
 Z - a +1 hat of magic resistance
Jewellery
 h - an uncursed ring of fire
 E - a +1 ring of evasion
 K - a ring of wizardry (right branch)
 M - a +4 ring of strength (left branch)
Wands
 d - a wand of iceblast (10/15)
 A - a wand of disintegration (7/24)
 L - a wand of paralysis (8/24)
 O - a wand of polymorph (10/24)
 Q - a wand of enslavement (10/24)
 S - a wand of confusion (34/48)
 U - a wand of teleportation (3/9)
Scrolls
 e - 3 scrolls of teleportation
 f - a scroll of noise
 j - 4 scrolls of identify
 l - 7 scrolls of remove curse
 p - 5 scrolls of blinking
 C - 2 scrolls of fear
 P - a scroll of immolation {unknown}
 Y - a scroll of silence {unknown}
Potions
 b - a potion of brilliance
 m - 2 potions of flight {unknown}
 w - 3 potions of lignification
 x - a potion of magic
 J - a potion of ambrosia {unknown}
 R - a potion of haste {unknown}
Books
 n - Kikubaaqudgha's Guide on Evil
   (Kikubaaqudgha gifted it to you on level 4 of the Dungeon)

   Spells                             Type                      Level
   a - Animate Skeleton               Necromancy                   1
   b - Corpse Rot                     Necromancy                   2
   c - Sublimation of Blood           Necromancy                   2
   d - Vampiric Draining              Necromancy                   3
   e - Control Undead                 Necromancy                   4
 B - Kikubaaqudgha's Papyrus of Unholy Rituals
   (Kikubaaqudgha gifted it to you on level 3 of the Dungeon)

   Spells                             Type                      Level
   a - Bolt of Draining               Conjuration/Necromancy       5
   b - Agony                          Necromancy                   5
   c - Cigotuvi's Embrace             Necromancy                   5
   d - Dispel Undead                  Necromancy                   5
   e - Death Channel                  Necromancy                   6
 D - the Catalogue of Clay and Contamination
   (You found it on level 5 of the Dungeon)

   Spells                             Type                      Level
   a - Passwall                       Transmutation/Earth          2
   b - Ignite Poison                  Fire/Transmutation/Poison    3
   c - Leda's Liquefaction            Hexes/Earth                  4
   d - Bolt of Magma                  Conjuration/Fire/Earth       5
   e - Lee's Rapid Deconstruction     Earth                        5
 I - a book of Power

   Spells                             Type                      Level
   a - Fulminant Prism                Conjuration/Hexes            4
   b - Iskenderun's Mystic Blast      Conjuration                  4
   c - Venom Bolt                     Conjuration/Poison           5
   d - Bolt of Magma                  Conjuration/Fire/Earth       5
   e - Iron Shot                      Conjuration/Earth            6
   f - Orb of Destruction             Conjuration                  7
   g - Spellforged Servitor           Conjuration/Summoning        7
Comestibles
 a - a slice of pizza
 c - 8 bread rations
 g - 4 meat rations
 i - 6 beef jerkies
 o - a royal jelly
 s - 10 chunks of flesh


   Skills:
 - Level 12.5 Fighting
 - Level 16.2 Axes
 - Level 11.1 Armour
 + Level 3.2 Dodging
 - Level 1.5 Stealth
 - Level 6.0 Spellcasting
 - Level 10.0 Necromancy


You had 5 spell levels left.
You knew the following spells:

 Your Spells              Type           Power        Failure   Level  Hunger
a - Dispel Undead         Necr           ####....     4%          5    ######.
b - Sublimation of Blood  Necr           ####......   1%          2    ##.....
d - Corpse Rot            Necr           N/A          1%          2    ##.....
f - Vampiric Draining     Necr           ####......   1%          3    ###....
q - Agony                 Necr           ####....     4%          5    ######.
v - Passwall              Tmut/Erth      #.........   12%         2    ##.....


Dungeon Overview and Level Annotations

Branches:
Dungeon (12/15)            Temple (0/1) D:7            Lair (1/6) D:11
    Orc (2/2) D:12
    Elf: Orc:2

Altars:
Ashenzari
Cheibriados
Elyvilon
Gozag
Kikubaaqudgha
Nemelex Xobeh
Uskayaw
Xom
The Shining One
Beogh

Shops:
Orc:1 [   Orc:2 *(


Innate Abilities, Weirdness & Mutations

You are agile. (Dex +2)
Scrolls take you a little longer to read.
You possess an exceptional clarity of mind.
((Your flesh is heat resistant. (rF+)))
You are robust. (+10% HP)
You regenerate slowly when monsters are visible.


Message History

* * * LOW HITPOINT WARNING * * *
You feel sick.
The orc priest calls down the wrath of Beogh upon you.
You are unaffected.
Unknown command.
Casting: Vampiric Draining
Confirm with . or Enter, or press ? or * to list all spells.
Aiming: Vampiric Draining
Press: ? - help, Shift-Dir - straight line, f - orc priest
Aim: an orc priest, wielding a mace of protection and wearing a leather armour The orc priest is severely wounded.
You feel life coursing into your body.
You are feeling very hungry.
The orc priest threatens, "By the altar or by the axe, you will meet Beogh!"
* * * LOW HITPOINT WARNING * * *
You feel sick.
The orc priest calls down the wrath of Beogh upon you.
Beogh smites you!
You die...
Kikubaaqudgha rasps: "You have failed me!
Welcome... death!"

..............# ...........
..........##..# ..........
..........##...# #..........
...........##.####. .........
.............###.. .........
..............#... ##........
.........##..###.###o........
........## ####.)o#o.o.........
..(......# ##♣#.ooo........
..[[.#...# #######(.......... .
........####.##.#.....#.....# ..
.........##...........#.....###.#
.............#.......#.......#...
.........##.###.#.......#.......#
.......).#...#####.............#
....))))....# #....#.##......#
####.)#)....# ###.#######....##


You could see an orc priest.

Vanquished Creatures
  Saint Roka (Orc:1)
  Gastronok (Orc:2)
  Nessos (Orc:2)
  An ettin (Orc:2)
  A hydra (D:11)
  A dancing weapon (Orc:2)
  An ogre mage (D:12)
  Urug (Orc:1)
  Nergalle (Orc:1)
  An orc high priest (Orc:2)
  Sonja (D:11)
  An unseen horror (D:12)
  5 orc knights
  3 hill giants
  Pikel (D:7)
  4 orc sorcerers (Orc:2)
  2 cyclopes
  A centaur zombie (D:12)
  A komodo dragon (D:11)
  3 trolls
  4 two-headed ogres
  A raiju (shapeshifter) (D:11)
  Sigmund (D:3)
  12 yaks
  Eustachio (D:6)
  4 wyverns
  A hungry ghost (D:10)
  A basilisk (D:11)
  A steam dragon (D:11)
  7 hippogriffs
  6 wargs
  A mottled dragon (D:12)
  Edmund (D:6)
  3 porcupines
  An eye of draining (D:8)
  23 orc warriors
  2 slaves (D:7)
  6 ice beasts
  2 black bears
  5 sky beasts
  2 phantoms
  2 wasps
  6 centaurs
  A crocodile (D:11)
  12 ogres
  8 giant frogs
  A big kobold (D:10)
  Blork the orc (D:6)
  2 scorpions
  13 killer bees
  2 howler monkeys
  10 crimson imps
  16 orc wizards
  5 hounds
  11 orc priests
  A gnoll shaman (D:7)
  4 centaur skeletons
  Crazy Yiuf (D:6)
  3 jellies
  2 iguanas
  An iron imp (D:12)
  A hell rat (D:11)
  7 worker ants
  A hound skeleton (D:11)
  Robin (D:4)
  3 worker ant zombies
  13 adders
  9 gnolls
  A howler monkey skeleton (D:11)
  A river rat (D:11)
  5 shadow imps
  An ooze (D:2)
  An adder zombie (D:8)
  2 adder skeletons
  4 worms
  3 dart slugs
  4 giant geckos
  78 orcs
  8 bats
  2 bat zombies (D:4)
  2 giant cockroaches
  11 goblins
  12 hobgoblins
  9 jackals
  5 quokkas
  2 giant gecko skeletons (D:4)
  4 giant newts
  14 kobolds
  A quokka skeleton (D:6)
  7 rats
431 creatures vanquished.

Notes
Turn   | Place    | Note
-------+----------+-------------------------------------------
     0 | D:1      | Amnesiac the Hill Orc Monk began the quest for the Orb.
     0 | D:1      | Reached XP level 1. HP: 19/19 MP: 1/1
   184 | D:2      | Reached XP level 2. HP: 25/27 MP: 2/2
   193 | D:2      | Reached skill level 1 in Armour
   349 | D:2      | Reached XP level 3. HP: 28/33 MP: 3/3
   595 | D:4      | Noticed Sigmund
   627 | D:3      | Reached skill level 5 in Axes
   627 | D:3      | Reached XP level 4. HP: 14/40 MP: 4/4
   630 | D:3      | Found a hide-covered altar of Uskayaw.
   881 | D:3      | Killed Sigmund
   881 | D:3      | Reached skill level 7 in Axes
   881 | D:3      | Reached XP level 5. HP: 18/47 MP: 5/5
   881 | D:3      | Reached XP level 6. HP: 21/55 MP: 6/6
  1093 | D:5      | Entered Level 5 of the Dungeon
  1103 | D:4      | Reached skill level 5 in Fighting
  1422 | D:4      | Found an ancient bone altar of Kikubaaqudgha.
  1430 | D:4      | Became a worshipper of Kikubaaqudgha
  1430 | D:4      | Reached * piety under Kikubaaqudgha
  1430 | D:4      | Identified Kikubaaqudgha's Guide on Evil (Kikubaaqudgha gifted it to you on level 4 of the Dungeon)
  1430 | D:4      | Received a gift from Kikubaaqudgha
  1430 | D:4      | Reached ** piety under Kikubaaqudgha
  2098 | D:1      | Reached skill level 8 in Axes
  2186 | D:2      | Reached skill level 1 in Necromancy
  2683 | D:3      | Learned a level 2 spell: Corpse Rot
  2939 | D:3      | Reached skill level 1 in Spellcasting
  3272 | D:4      | Noticed Robin
  3370 | D:3      | Reached *** piety under Kikubaaqudgha
  3370 | D:3      | Identified Kikubaaqudgha's Papyrus of Unholy Rituals (Kikubaaqudgha gifted it to you on level 3 of the Dungeon)
  3370 | D:3      | Received a gift from Kikubaaqudgha
  3370 | D:3      | Reached XP level 7. HP: 57/61 MP: 8/8
  3379 | D:4      | Killed Robin
  3493 | D:4      | Found a glowing golden altar of the Shining One.
  3968 | D:5      | Identified the Catalogue of Clay and Contamination
  4042 | D:5      | Gained mutation: You regenerate slowly when monsters are visible. [mutagenic meat]
  4045 | D:5      | Gained mutation: Your flesh is heat resistant. (rF+) [mutagenic meat]
  4048 | D:5      | Gained mutation: Scrolls take you a little longer to read. [mutagenic meat]
  4051 | D:5      | Gained mutation: Your mind is acute. (Int +2) [mutagenic meat]
  4217 | D:5      | Got a steaming spear
  4218 | D:5      | Identified the +9 spear of Fimbulwinter {pierce, Int+6 Dex-5} (You found it on level 5 of the Dungeon)
  4236 | D:5      | Reached skill level 9 in Axes
  4589 | D:6      | Found a white marble altar of Elyvilon.
  4589 | D:6      | Found a shattered altar of Ashenzari.
  4599 | D:6      | Found a sparkling altar of Nemelex Xobeh.
  4599 | D:6      | Found a snail-covered altar of Cheibriados.
  4599 | D:6      | Noticed Blork the orc
  4611 | D:6      | Reached XP level 8. HP: 50/68 MP: 9/9
  4620 | D:6      | Killed Blork the orc
  4620 | D:6      | Reached skill level 10 in Axes
  4844 | D:6      | Noticed Eustachio
  4870 | D:6      | Killed Eustachio
  4884 | D:6      | Lost mutation: Your mind is acute. (Int +2) [mutagenic meat]
  4887 | D:6      | Gained mutation: You possess an exceptional clarity of mind. [mutagenic meat]
  4893 | D:6      | Gained mutation: You are agile. (Dex +2) [mutagenic meat]
  4896 | D:6      | Gained mutation: You are robust. (+10% HP) [mutagenic meat]
  4901 | D:6      | Noticed Edmund
  4916 | D:6      | Killed Edmund
  5248 | D:6      | Reached skill level 5 in Necromancy
  5377 | D:6      | Found a runed door.
  5381 | D:6      | Noticed Crazy Yiuf
  5388 | D:6      | Killed Crazy Yiuf
  5579 | D:6      | Reached XP level 9. HP: 81/81 MP: 12/12
  5724 | D:7      | Learned a level 5 spell: Agony
  6046 | D:7      | Reached **** piety under Kikubaaqudgha
  6050 | D:7      | Found a staircase to the Ecumenical Temple.
  6392 | D:7      | Found an opulent altar of Gozag.
  6578 | D:7      | Noticed Pikel
  6595 | D:7      | Killed Pikel
  6654 | D:8      | Noticed a two-headed ogre
  6666 | D:8      | Killed a two-headed ogre
  6892 | D:8      | Noticed a cyclops
  6914 | D:8      | Killed a cyclops
  6914 | D:8      | Reached XP level 10. HP: 35/89 MP: 16/16
  7315 | D:8      | You fall through a shaft!
  7326 | D:9      | Reached skill level 10 in Necromancy
  7464 | D:9      | You fall through a shaft for 3 floors!
  7476 | D:12     | Noticed a rust devil
  7601 | D:12     | Reached skill level 5 in Armour
  7768 | D:12     | Noticed an ogre mage
  7790 | D:12     | Killed an ogre mage
  8239 | D:12     | Reached XP level 11. HP: 39/94 MP: 13/17
  8244 | D:12     | Reached skill level 11 in Axes
  8258 | D:12     | Learned a level 3 spell: Vampiric Draining
  8621 | D:11     | Reached ***** piety under Kikubaaqudgha
  8657 | D:11     | Learned a level 5 spell: Dispel Undead
  8658 | D:10     | Entered Level 10 of the Dungeon
  8988 | D:10     | Noticed a hill giant
  9003 | D:10     | Killed a hill giant
  9003 | D:10     | Reached skill level 12 in Axes
  9960 | D:9      | Noticed a hill giant
  9961 | D:9      | Found a shimmering altar of Xom.
  9971 | D:9      | Killed a hill giant
 10342 | D:10     | Noticed a hill giant
 10353 | D:10     | Killed a hill giant
 10419 | D:10     | Reached skill level 13 in Axes
 10600 | D:11     | Noticed Sonja
 10611 | D:11     | Killed Sonja
 10804 | D:11     | Noticed a seven-headed hydra
 10947 | D:11     | Reached skill level 14 in Axes
 10995 | D:11     | Found a staircase to the Lair.
 11273 | D:11     | Reached skill level 15 in Axes
 11273 | D:11     | Reached XP level 12. HP: 61/103 MP: 18/18
 12068 | D:11     | Killed a seven-headed hydra
 12359 | Lair:1   | Entered Level 1 of the Lair of Beasts
 12480 | D:12     | Reached skill level 16 in Axes
 13011 | D:12     | Found a staircase to the Orcish Mines.
 13052 | D:12     | Reached ****** piety under Kikubaaqudgha
 13238 | Orc:1    | Entered Level 1 of the Orcish Mines
 13323 | Orc:2    | Entered Level 2 of the Orcish Mines
 13324 | Orc:2    | Paralysed by an orc sorcerer for 6 turns
 13894 | Orc:2    | Noticed Nergalle
 13895 | Orc:2    | Noticed Urug
 14140 | Orc:1    | Killed Nergalle
 14234 | Orc:1    | Killed Urug
 14234 | Orc:1    | Reached skill level 10 in Fighting
 14375 | Orc:2    | Learned a level 2 spell: Passwall
 14378 | Orc:2    | Learned a level 2 spell: Sublimation of Blood
 14379 | Orc:2    | Paralysed by an orc sorcerer for 3 turns
 14449 | Orc:2    | Noticed Saint Roka
 14648 | Orc:1    | Noticed Gastronok
 14660 | Orc:2    | Killed Gastronok
 14660 | Orc:2    | Reached XP level 13. HP: 87/128 MP: 19/19
 14842 | Orc:2    | Noticed Nessos
 14859 | Orc:2    | Killed Nessos
 14859 | Orc:2    | Reached skill level 10 in Armour
 15414 | Orc:1    | HP: 5/128 [two-headed ogre/giant club (11)]
 15415 | Orc:1    | Found Haott's Armour Emporium.
 15429 | Orc:1    | HP: 6/128 [orc warrior/dire flail (11)]
 15830 | Orc:1    | Bought a +1 pair of boots of running for 474 gold pieces
 16350 | Orc:1    | HP: 8/192 [Saint Roka/battleaxe (25)]
 16353 | Orc:1    | Killed Saint Roka
 16353 | Orc:1    | Reached skill level 5 in Spellcasting
 16748 | Orc:2    | Found a roughly hewn altar of Beogh.
 17072 | Orc:2    | Found Gadog's General Store.
 17090 | Orc:2    | Found Hikerem's Antique Weapon Emporium.
 17338 | Orc:2    | Noticed an ettin
 17396 | Orc:2    | Killed an ettin
 17741 | Orc:2    | HP: 8/195 [poisoned by a mace of venom]
 17751 | Orc:2    | HP: 9/195 [poisoned by a mace of venom]
 17752 | Orc:2    | HP: 4/195 [poisoned by a mace of venom]
 17753 | Orc:2    | Killed from afar by an orc priest

Vault maps used:
D:1:      shiori_shiawase, serial_corexii_hall, corexii_hall_statues_s,
          corexii_hall_statues_u
D:3:      nicolae_overflow_hidden_temple, minmay_ruptured
D:4:      lemuel_zombie_altar_kikubaaqudgha, tso_oasis_becter, uniq_robin,
          uniq_sigmund
D:5:      first_bread
D:6:      grunt_temple_overflow_open, uniq_edmund, uniq_eustachio,
          uniq_blork_the_orc, uniq_crazy_yiuf_cottage
D:7:      nicolae_gozag_seed_capital, grunt_ogre_cave, uniq_pikel
D:9:      lemuel_coloured_pillars_altar
D:10:     minmay_misc_feat_encased, hangedman_abyss_or_decor_clamps
D:11:     dpeg_lair_monsters, serial_glass, glass_columns_c, glass_columns_b,
          uniq_sonja
D:12:     kennysheep_demon_hangout, david_orc_1_choice
Lair:1:   lemuel_ratsnest, serial_bayou, serial_bayou_pond_e,
          serial_bayou_shore_b, serial_bayou_lagoon_b, serial_bayou_lagoon_a,
          uniq_fannar, uniq_joseph, uniq_grum
Orc:1:    serial_shops, nicolae_shop_trees, uniq_erica, uniq_gastronok
Orc:2:    grunt_orc_cross, minmay_orc_barracks, uniq_nessos

Skill      XL: |  1  2  3  4  5  6  7  8  9 10 11 12 13 |
---------------+----------------------------------------+-----
Armour         | 1 2 3 8 9 11 | 11.1
Fighting       | 4 5 11 12 | 12.5
Axes           | 5 7 8 9 10 15 16 | 16.2
Necromancy     | 1 6 9 10 | 10.0
Spellcasting   | 1 2 4 6 |  6.0
Dodging        | 3 |  3.2
Stealth        | |  1.5

Action                   |  1- 3 |  4- 6 |  7- 9 | 10-12 | 13-15 || total
-------------------------+-------+-------+-------+-------+-------++-------
Melee: Hand axe          |   111 |    98 |       |       |       ||   209
       War axe           |       |   155 |    56 |       |       ||   211
       Spear             |       |       |   304 |   674 |       ||   978
       Battleaxe         |       |       |       |    37 |   187 ||   224
       Quarterstaff      |       |       |       |    10 |       ||    10
 Cast: Corpse Rot        |       |       |     1 |     2 |       ||     3
       Agony             |       |       |       |    18 |    10 ||    28
       Vampiric Draining |       |       |       |    35 |    41 ||    76
  Use: Scroll            |       |       |    14 |     4 |     1 ||    19
       Potion            |       |       |     1 |     2 |    11 ||    14
 Stab: Fleeing           |       |       |     1 |       |       ||     1
       Sleeping          |       |       |       |     4 |       ||     4
       Distracted        |       |       |       |     1 |       ||     1
  Eat: Chunk             |       |     8 |    19 |    36 |    12 ||    75
       Pizza             |       |       |     1 |     1 |       ||     2
       Bread ration      |       |       |       |       |     1 ||     1
Armor: Plate armour      |   101 |   148 |       |       |       ||   249
       Robe              |     1 |       |       |       |       ||     1
       Ring mail         |       |    12 |   129 |    37 |       ||   178
       Mottled dragon ar |       |       |       |   215 |       ||   215
       Skin              |       |       |       |     3 |    11 ||    14
       Steam dragon armo |       |       |       |       |    66 ||    66
Dodge: Dodged            |    28 |    75 |   164 |   287 |   152 ||   706
